Map: 코랄의 균열

Players

펜타네스트

  • Race: Terran Terran
  • Spawn Location: 7:00

테라진

  • Race: Protoss Protoss
  • Spawn Location: 7:00

VOD

Have the link to the VOD?

Description

Time

  • Played on: March 6, 2019, 12:13 a.m.
  • Length: 12:18
Show
View Real Time Build Order
Export as new Build Order

펜타네스트 Terran 

Build Orders:  

Get SALT Encoding   

Show
View Real Time Build Order
Export as new Build Order

테라진 Protoss 

Build Orders:  

Get SALT Encoding   

  12  0:02  Probe (Chrono Boost)  
  13  0:16  Probe (Chrono Boost)  
  14  0:30  Probe (Chrono Boost)  
  15  0:44  Probe (Chrono Boost)  
  16  1:03  Zoraya Legion  
  16  1:44  Ancient Nexus  
  16  1:49  Probe (Chrono Boost)  
  17  2:05  Xel'Naga Passageway  
  17  2:07  Probe (Chrono Boost)  
  18  2:20  Probe (Chrono Boost)  
  19  2:34  Probe (Chrono Boost)  
  20  2:57  Probe (Chrono Boost)  
  21  3:05  Zoraya Legion  
  21  3:19  Core Forge  
  21  3:21  Probe (Chrono Boost)  
  21  3:28  Probe (Chrono Boost)  
  23  3:35  Probe (Chrono Boost)  
  24  3:49  Probe x2 (Chrono Boost)  
  26  4:03  Probe x2 (Chrono Boost)  
  28  4:16  Probe (Chrono Boost), Constructs Facility  
  29  4:30  Probe x2 (Chrono Boost)  
  31  4:44  Probe x2 (Chrono Boost)  
  33  4:57  Probe (Chrono Boost)  
  33  4:58  Probe (Chrono Boost)  
  35  5:04  Xel'Naga Ambusher  
  35  5:06  Zoraya Legion  
  37  5:12  Probe (Chrono Boost)  
  38  5:26  Xel'Naga Void Array x2  
  38  5:28  Xel'Naga Ambusher  
  41  5:48  Xel'Naga Watcher  
  41  6:00  Xel'Naga Ambusher  
  43  6:17  Xel'Naga Ambusher  
  43  6:25  Xel'Naga Passageway  
  45  6:34  Xel'Naga Ambusher  
  47  6:41  Xel'Naga Void Array  
  47  6:58  Xel'Naga Ambusher  
  47  7:04  Xel'Naga Watcher  
  49  7:13  Xel'Naga Void Array  
  49  7:15  Xel'Naga Ambusher  
  49  7:16  Xel'Naga Watcher  
  51  7:25  Constructs Bay  
  51  7:45  Xel'Naga Void Array  
  51  7:47  Zoraya Legion  
  51  7:51  Xel'Naga Ambusher  
  53  8:14  Xel'Naga Ambusher x2  
  57  8:39  Xel'Naga Ambusher x2  
  57  8:49  Xel'Naga Void Array  
  61  9:14  Xel'Naga Void Array  
  61  9:20  Xel'Naga Ambusher  
  61  9:21  Xel'Naga Ambusher  
  65  9:33  Xel'Naga Void Array  
  65  9:50  Zoraya Legion  
  65  9:59  Xel'Naga Ambusher x2  
  69  10:18  Xel'Naga Void Array  
  69  10:25  Xel'Naga Ambusher x2  
  73  10:38  Xel'Naga Watcher  
  73  10:50  Xel'Naga Ambusher  
  73  10:53  Xel'Naga Watcher  
  73  10:58  Xel'Naga Void Array  
  75  11:30  Xel'Naga Ambusher x2  
  79  11:54  Zoraya Legion  
Tags
 
Add a new tag
Caveats
  • Supply blocks, unpowered buildings, or Contaminate may cause inaccurate times.
  • Supply counts are checked every 10 seconds.